 Dungeon Crawl Stone Soup version 0.29-a0-550-g81e455f4c2 (webtiles) character file.

Game seed: 14197027726388622180

284 Glafi the Skirmisher (level 6, 0/57 HPs)
             Began as a Minotaur Fighter on June 5, 2022.
             Slain by a gnoll
             ... wielding a +0 club
              (2 damage)
             ... on level 4 of the Dungeon.
             The game lasted 00:45:11 (3728 turns).

Glafi the Skirmisher (Minotaur Fighter)             Turns: 3728, Time: 00:45:13

Health: 0/57       AC:  8    Str: 22    XL:     6   Next: 7%
Magic:  5/5        EV: 10    Int:  5    God:
Gold:   215        SH:  5    Dex: 16    Spells: 5/5 levels left

rFire   . . .      SeeInvis .   a - +0 war axe
rCold   . . .      Faith    .   c - +0 buckler
rNeg    . . .      Spirit   .   b - +0 scale mail
rPois   .          Reflect  .   (helmet restricted)
rElec   .          Harm     .   (no cloak)
rCorr   .          Rampage  .   u - +0 pair of gloves
Will    .....                   (no boots)
Stlth   ..........              (no amulet)
HPRegen 0.19/turn               h - +6 ring of dexterity
MPRegen 0.09/turn               (no ring)

@: no status effects
A: horns 2, retaliatory headbutt
a: no special abilities


You were on level 4 of the Dungeon.
You visited 1 branch of the dungeon, and saw 4 of its levels.

You collected 215 gold pieces.

Inventory:

Hand Weapons
 a - a +0 war axe (weapon)
 v - a +0 spear
Missiles
 g - 5 poisoned darts (quivered)
Armour
 b - a +0 scale mail (worn)
 c - a +0 buckler (worn)
 u - a +0 pair of gloves (worn)
Jewellery
 h - a +6 ring of dexterity (left hand)
Wands
 r - a wand of flame (9)
Scrolls
 f - 3 scrolls of magic mapping {unknown}
 j - a scroll of teleportation {unknown}
 k - a scroll of noise {unknown}
 m - 3 scrolls of fear {unknown}
 n - 6 scrolls of identify {unknown}
 o - a scroll of immolation {unknown}
 p - 2 scrolls of enchant armour {unknown}
 w - a scroll of amnesia {unknown}
Potions
 d - a potion of might
 e - a potion of attraction {unknown}
 i - 2 potions of flight {unknown}
 l - 5 potions of curing {unknown}
 q - a potion of ambrosia {unknown}
 s - a potion of mutation {unknown}
 t - a potion of brilliance {unknown}


   Skills:
 * Level 6.2 Fighting
 - Level 2.4 Axes
 + Level 5.5 Armour
 + Level 1.4 Dodging
 + Level 4.4 Shields


You had 5 spell levels left.
You didn't know any spells.
Your spell library contained the following spells:

 Spells                   Type           Power      Damage    Failure   Level
 Apportation              Tloc           0%         N/A       86%         1
 Poisonous Vapours        Pois/Air       0%         N/A       95%         2
 Animate Dead             Necr           0%         N/A       100%        4
 Corpse Rot               Necr/Pois/Air  0%         N/A       100%        4
 Alistair's Intoxication  Tmut/Pois      0%         N/A       100%        5
 Borgnjor's Vile Clutch   Necr/Erth      0%         N/A       100%        5
 Death Channel            Necr           0%         N/A       100%        6


Dungeon Overview and Level Annotations

Branches:
Dungeon (4/15)
 Temple: D:4-7

Altars:
Nemelex Xobeh

Annotations:
D:4 1 transporter


Innate Abilities, Weirdness & Mutations

You have a pair of horns on your head.
You reflexively headbutt those who attack you in melee.


Message History

The hobgoblin is moderately wounded.
You slash the kobold!
You kill the kobold!
You feel sick. The gnoll hits you but does no damage.
The gnoll hits you from afar with a +0 halberd!
The hobgoblin misses you. You block the gnoll's attack.
The gnoll barely misses you. The hobgoblin hits you.
You slash the hobgoblin!
You kill the hobgoblin!
You feel sick. The gnoll barely misses you. You block the gnoll's attack.
You hit the kobold.
The kobold is severely wounded.
You feel sick.
You are no longer poisoned.
The gnoll hits you but does no damage.
The gnoll hits you from afar with a +0 halberd.
The kobold hits you with a +0 short sword.
You slash the kobold!
You kill the kobold!
You block the gnoll's attack. The gnoll barely misses you. x2
The gnoll hits you with a +0 club!
* * * LOW HITPOINT WARNING * * *
The gnoll barely misses you.
You closely miss the gnoll.
The gnoll hits you from afar with a +0 halberd!
* * * LOW HITPOINT WARNING * * *
You block the gnoll's attack. The gnoll hits you but does no damage.
The gnoll barely misses you. x2
The gnoll hits you with a +0 club.
* * * LOW HITPOINT WARNING * * *
There is an open door, spattered with blood here.
Items here: (( )) †.
You hit the gnoll but do no damage. You headbutt the gnoll!
The gnoll is almost dead.
You hit the gnoll but do no damage. You closely miss the gnoll.
You barely miss the gnoll.
The gnoll hits you but does no damage. x2
The gnoll hits you with a +0 spear.
* * * LOW HITPOINT WARNING * * *
The gnoll misses you. The gnoll hits you with a +0 club.
You die...

............
.≈≈≈≈≈.≈≈≈≈.
≈≈≈≈≈≈≈≈≈≈≈≈
≈≈≈≈≈≈≈≈≈≈≈≈
≈≈≈≈≈≈≈≈≈≈≈≈ #####
###############$$$#
..............#$$$#
..............#ggg#
..(...........##@#
...########....g.#
...# #......#
...########......#
........))....##'##
.......)))....#...#
..............#...#
###############...#
#####


You could see 4 gnolls.

Vanquished Creatures
  11 gnolls
  2 adders
  3 worms
  An orc (D:3)
  9 ball pythons
  4 bats
  2 endoplasms (D:2)
  3 giant cockroaches (D:1)
  41 goblins
  28 hobgoblins
  3 jackals (D:3)
  10 kobolds
  7 quokkas
  7 frilled lizards
  7 rats
138 creatures vanquished.

Notes
Turn   | Place    | Note
-------+----------+-------------------------------------------
     0 | D:1      | Glafi the Minotaur Fighter began the quest for the Orb.
     0 | D:1      | Reached XP level 1. HP: 19/19 MP: 0/0
    55 | D:1      | Reached skill level 4 in Fighting
    56 | D:1      | Reached XP level 2. HP: 26/27 MP: 1/1
   212 | D:1      | Found a faded altar of an unknown god.
   375 | D:1      | Reached XP level 3. HP: 33/34 MP: 2/2
  1956 | D:3      | Reached skill level 5 in Fighting
  1956 | D:3      | Reached XP level 4. HP: 41/42 MP: 3/3
  2629 | D:4      | Reached skill level 1 in Dodging
  2793 | D:4      | Found a sparkling altar of Nemelex Xobeh.
  2793 | D:4      | Found a transporter.
  2793 | D:4      | Noticed a kobold brigand
  2794 | D:4      | Noticed a bullfrog
  2849 | D:4      | Reached XP level 5. HP: 47/48 MP: 4/4
  2958 | D:4      | Reached skill level 5 in Armour
  3569 | D:4      | Reached skill level 6 in Fighting
  3650 | D:4      | Reached XP level 6. HP: 57/57 MP: 5/5
  3728 | D:4      | HP: 2/57 [gnoll/+0 spear (2)]
  3728 | D:4      | Slain by a gnoll

Illustrated notes

Levels and vault maps discovered:
D:1:      minmay_arrival_four_circles, layout_rooms,
          ebering_ecumenical_altar_webs, chequers_serial_rivers_marsh,
          minmay_tetromino_t4
D:2:      layout_basic, serial_rivers, chequers_serial_rivers_small_b,
          chequers_serial_rivers_room_b, chequers_serial_rivers_small_3,
          chequers_serial_rivers_room_a, chequers_serial_rivers_micro_e,
          chequers_serial_rivers_large_a, minmay_increasing_density
D:3:      layout_basic
D:4:      minmay_goblin_kobold_castle, layout_basic, grunt_nemelex_the_gamble,
          portal_sewer_entry_d, uniq_pargi

Skill      XL: |  1  2  3  4  5 |
---------------+----------------+-----
Fighting       | 4 5 6 |  6.2
Armour         | 4 5 |  5.5
Shields        | 4 |  4.4
Dodging        | 1 |  1.4
Axes           | |  2.4

Action                   |  1- 3 |  4- 6 || total
-------------------------+-------+-------++-------
Melee: War axe           |   115 |   136 ||   251
       Headbutt          |     9 |    28 ||    37
Armor: Scale mail        |    44 |    56 ||   100
Dodge: Dodged            |    40 |   103 ||   143
Block: Buckler           |    19 |    47 ||    66

Table legend: (Time is in decaauts)
 A = Elapsed time spent in this place.
 B = Non-inter-level travel time spent in this place.
 C = Inter-level travel time spent in this place.
 D = Time resting spent in this place.
 E = Time spent auto-exploring this place.
 F = Levels seen in this place.
 G = Mean time per level.
                   A        B        C        D        E       F      G
               +--------+--------+--------+--------+--------+-----+--------+
         Total |   3851 |   3742 |    109 |    573 |   2339 |   4 |  962.8 |
       Dungeon |   3851 |   3742 |    109 |    573 |   2339 |   4 |  962.8 |
               +--------+--------+--------+--------+--------+-----+--------+

Top non-repeatable levels by time:
     D:2: 1239 daAuts
     D:4: 1158 daAuts
     D:3: 884 daAuts
     D:1: 569 daAuts
